Mustangs vs Senators
Created - 18 février 2016 at 19:03
Goals
|
| Mustangs |
0 |
1 |
2 |
3 |
| Senators |
3 |
2 |
2 |
7 |
|
Shots
|
| Mustangs |
1 |
14 |
7 |
22 |
| Senators |
12 |
11 |
10 |
33 |
|
1st period
1. Senators , Brett Sterling 11 (Jack Skille, Erik Karlsson) at 10:26
2. Senators , Vernon Fiddler 29 (Cody Hodgson, Patrick Wey) at 11:14
3. Senators , Sergei Kostitsyn 38 (Stanislav Chistov, Vernon Fiddler) at 12:55 (PP)
Penalties :
Logan Stephenson (BIN) for Holding (Minor) at 2:53, Dylan Hunter (BIN) for High sticking (Minor) at 5:53, Ben Eager (Ham) for Attempt to injure (Major / Game Misconduct) at 12:52
2nd period
4. Senators , Stanislav Chistov 30 (Vernon Fiddler, Sergei Kostitsyn) at 1:46 (PP)
5. Mustangs , Reilly Smith 12 (Derek Joslin, Cameron Gaunce) at 5:43
6. Senators , Cody Hodgson 22 (Brett Sterling, Logan Stephenson) at 15:24 (PP)
Penalties :
Mark Pysyk (Ham) for Hooking (Minor) at 1:38, Erik Karlsson (BIN) for Hooking (Minor) at 9:28, Cameron Gaunce (Ham) for Roughing (Minor) at 14:33, Sergei Kostitsyn (BIN) for Slashing (Minor) at 19:33
3rd period
7. Senators , Vernon Fiddler 30 (Erik Karlsson, Stanislav Chistov) at 3:08 (PP)
8. Mustangs , Riley Armstrong 18 (Denis Shvidki) at 3:43
9. Mustangs , Evander Kane 33 (Eric Godard) at 7:01 (PP)
10. Senators , Steven Goertzen 27 (Cody Hodgson, Jaden Schwartz) at 17:14
Penalties :
Chet Pickard (Ham) for Delaying the game (Minor) at 2:38 - Jerome Samson served the penalty, Jack Skille (BIN) for Roughing (Minor) at 6:29, Denis Shvidki (Ham) for Roughing (Minor) at 10:03, Reilly Smith (Ham) for High sticking (Minor) at 12:38, Jonas Gustavsson (BIN) for Slashing (Minor) at 13:00 - Logan Stephenson served the penalty
Goalie Stats
Maxime Ouellet (Ham), 10 saves from 14 shots - (0,714), L, 18-13-4, 21:46 minutes
Chet Pickard (Ham), 16 saves from 19 shots - (0,842), 38:14 minutes
Jonas Gustavsson (BIN), 19 saves from 22 shots - (0,864), W, 27-15-3, 60:00 minutes
Players Stats for Mustangs
Player Name G A P +/- PIM S H SB GA TA FO MP PP MP PK MP
------------------------------------------------------------------------------------
Ben Eager 0 0 0 -1 15 0 0 0 1 0 0/0 4:00 1:43 0:00
Brayden Schenn 0 0 0 0 0 1 0 1 2 0 13/29 21:59 4:33 4:28
Cameron Gaunce 0 1 1 1 2 1 1 0 1 0 0/0 13:21 0:00 0:47
Daniel Winnik 0 0 0 0 0 0 0 0 0 0 0/0 12:36 1:47 1:45
Denis Shvidki 0 1 1 0 2 5 2 0 1 0 1/1 11:15 0:17 0:00
Derek Joslin 0 1 1 1 0 1 4 1 0 0 0/0 19:55 3:00 2:38
Eric Godard 0 1 1 -1 0 0 2 1 0 0 0/0 15:04 4:04 0:00
Eric Gryba 0 0 0 -1 0 0 2 2 0 2 0/0 27:58 5:50 5:04
Evander Kane 1 0 1 0 0 8 1 0 0 0 0/2 27:00 5:14 4:17
Jerome Samson 0 0 0 0 0 0 0 0 0 0 0/0 9:00 0:00 0:00
Marcus Foligno 0 0 0 0 0 1 3 0 0 0 0/0 12:43 0:06 1:01
Mark Pysyk 0 0 0 0 2 0 0 0 0 0 0/0 11:55 0:00 1:18
Nate Guenin 0 0 0 -1 0 0 1 0 0 3 0/0 18:29 3:00 2:38
Reilly Smith 1 0 1 0 2 2 0 0 0 0 1/1 16:29 4:29 2:16
Rick Schofield 0 0 0 0 0 1 1 0 0 0 3/4 9:00 0:00 0:00
Riley Armstrong 1 0 1 0 0 2 0 0 0 0 1/4 12:26 0:06 1:05
Ryan O'Reilly 0 0 0 -1 0 0 2 0 0 0 5/11 17:59 4:11 2:46
Tom Gilbert 0 0 0 -2 0 0 2 4 0 1 0/0 28:20 5:50 5:13
Players Stats for Senators
Player Name G A P +/- PIM S H SB GA TA FO MP PP MP PK MP
------------------------------------------------------------------------------------
Brett Sterling 1 1 2 0 0 4 2 0 0 0 0/0 13:20 2:56 1:26
Cody Hodgson 1 2 3 1 0 3 1 0 0 0 4/9 18:06 2:56 2:40
Dylan Hunter 0 0 0 0 2 1 1 0 1 0 0/0 8:26 0:41 0:26
Erik Karlsson 0 2 2 2 2 0 1 3 1 1 0/0 27:04 4:47 3:06
Jack Skille 0 1 1 0 2 3 0 0 0 0 0/1 10:33 1:13 0:14
Jaden Schwartz 0 1 1 1 0 3 0 0 0 0 0/0 12:01 0:00 0:00
Logan Stephenson 0 1 1 1 2 1 5 1 1 2 0/0 22:26 4:50 3:39
Mark Olver 0 0 0 0 0 0 1 0 0 0 0/0 8:19 1:00 0:00
Martin Marincin 0 0 0 0 0 0 0 1 0 0 0/0 17:27 1:00 2:28
Matt Frattin 0 0 0 0 0 1 0 0 0 0 1/2 9:49 0:41 1:34
Nick Bjugstad 0 0 0 0 0 0 1 0 0 0 0/3 9:43 0:27 0:11
Nicolas Deslauriers 0 0 0 -1 0 1 0 0 0 0 0/0 13:04 1:00 1:48
Patrick Wey 0 1 1 -1 0 1 1 0 1 0 0/0 17:39 3:02 3:29
Sergei Kostitsyn 1 1 2 0 2 3 0 1 0 0 1/1 19:21 4:32 2:08
Shane Sims 0 0 0 1 0 1 1 1 1 0 0/0 22:02 2:59 2:31
Stanislav Chistov 1 2 3 0 0 5 1 0 1 1 5/8 22:45 4:36 4:57
Steven Goertzen 1 0 1 1 0 2 2 0 0 0 0/0 14:52 2:49 0:00
Vernon Fiddler 2 2 4 0 0 4 1 0 0 1 17/28 22:31 4:36 4:43
3 Stars
1 - Vernon Fiddler (BIN)
2 - Cody Hodgson (BIN)
3 - Stanislav Chistov (BIN)
Power Play
Mustangs - 1 on 6 Attempt(s) - 16,67%
Senators - 4 on 7 Attempt(s) - 57,14%
Penalty Kill
Mustangs - 3 on 7 Attempt(s) - 42,86%
- Score 0 goal in Penalty Kill
Senators - 5 on 6 Attempt(s) - 83,33%
- Score 0 goal in Penalty Kill
Team Stat
Mustangs - Hits : 21 - Faceoff Wins : 24 - Blocked Shots : 9 - Penalty Minutes : 23
Senators - Hits : 18 - Faceoff Wins : 28 - Blocked Shots : 7 - Penalty Minutes : 10
Official
Referees : Kowal Tom and Banfield David
Linesman : Ryan Galloway and Brad Kovachik
Game Notes
Ben Eager ejected from game at 12:52 of 1st period
Ben Eager from Mustangs is suspended for 1 game(s)
Chet Pickard enters game at 1:46 of 2nd period
14:44 of 3rd period - Mustangs goal is going for a video replay. After video review, No Goal. The puck has been kicked using a distinct kicking motion.
Finance
Level 1 -- Attendance: 1410 (70,50%) -- Ticket Income 42 300 $
Level 2 -- Attendance: 775 (77,50%) -- Ticket Income 7 750 $
Total Attendance: 2185 (72,83%)
Total Ticket Income: 50 050 $
Other Income: 2 502 $
Total Income: 52 552 $
Mustangs
5 vs 5 Forward
Center Left Wing Right Wing Time % Phy DF OF
1 Brayden Schenn Evander Kane Reilly Smith 40 0 2 3
2 Ryan O'Reilly Ben Eager Eric Godard 30 0 2 3
3 Riley Armstrong Marcus Foligno Denis Shvidki 20 0 2 3
4 Rick Schofield Daniel Winnik Jerome Samson 10 0 2 3
5 vs 5 Defense
Defense Defense Time % Phy DF OF
1 Tom Gilbert Eric Gryba 40 0 2 3
2 Derek Joslin Cameron Gaunce 30 0 2 3
3 Nate Guenin Mark Pysyk 20 0 2 3
4 Tom Gilbert Eric Gryba 10 0 2 3
PowerPlay Forward
Center Left Wing Right Wing Time % Phy DF OF
1 Brayden Schenn Evander Kane Reilly Smith 60 0 0 5
2 Ryan O'Reilly Ben Eager Eric Godard 40 0 0 5
PowerPlay Defense
Defense Defense Time % Phy DF OF
1 Tom Gilbert Eric Gryba 60 0 1 4
2 Derek Joslin Nate Guenin 40 0 1 4
Penalty Kill 4 Players Forward
Center Wing Time % Phy DF OF
1 Brayden Schenn Evander Kane 60 1 4 0
2 Ryan O'Reilly Reilly Smith 40 1 4 0
Penalty Kill 4 Players Defense
Defense Defense Time % Phy DF OF
1 Tom Gilbert Eric Gryba 60 1 4 0
2 Derek Joslin Nate Guenin 40 1 4 0
Penalty Kill - 3 Players Forward
Forward Time % Phy DF OF
1 Brayden Schenn 60 1 4 0
2 Denis Shvidki 40 1 4 0
Penalty Kill - 3 Players Defense
Defense Defense Time % Phy DF OF
1 Tom Gilbert Eric Gryba 60 1 4 0
2 Derek Joslin Nate Guenin 40 1 4 0
4 vs 4 Forward
Center Wing Time % Phy DF OF
1 Brayden Schenn Evander Kane 60 0 1 4
2 Ryan O'Reilly Reilly Smith 40 0 1 4
4 vs 4 Defense
Defense Defense Time % Phy DF OF
1 Tom Gilbert Eric Gryba 60 0 2 3
2 Derek Joslin Nate Guenin 40 0 2 3
Last Minutes Offensive
Center Left Wing Right Wing Defense Defense
Brayden Schenn Evander Kane Reilly Smith Tom Gilbert Derek Joslin
Last Minutes Defensive
Center Left Wing Right Wing Defense Defense
Ryan O'Reilly Ben Eager Eric Godard Tom Gilbert Derek Joslin
Goaltenders
Starting : Maxime Ouellet
Backup : Chet Pickard
Extra Forwards
Normal : Evander Kane, Brayden Schenn, Ryan O'Reilly - PP : Ryan O'Reilly, Evander Kane - PK : Daniel Winnik
Extra Defensemen
Normal : Tom Gilbert, Eric Gryba, Derek Joslin - PP : Tom Gilbert - PK : Eric Gryba, Derek Joslin
Penalty Shots
Brayden Schenn, Evander Kane, Ben Eager, Reilly Smith, Ryan O'Reilly
Senators
5 vs 5 Forward
Center Left Wing Right Wing Time % Phy DF OF
1 Vernon Fiddler Sergei Kostitsyn Stanislav Chistov 40 1 2 2
2 Cody Hodgson Jaden Schwartz Steven Goertzen 30 1 2 2
3 Nick Bjugstad Brett Sterling Jack Skille 20 1 2 2
4 Mark Olver Dylan Hunter Matt Frattin 10 1 2 2
5 vs 5 Defense
Defense Defense Time % Phy DF OF
1 Shane Sims Erik Karlsson 40 1 2 2
2 Logan Stephenson Martin Marincin 30 1 2 2
3 Patrick Wey Nicolas Deslauriers 20 1 2 2
4 Erik Karlsson Logan Stephenson 10 1 2 2
PowerPlay Forward
Center Left Wing Right Wing Time % Phy DF OF
1 Vernon Fiddler Sergei Kostitsyn Stanislav Chistov 60 0 2 3
2 Cody Hodgson Brett Sterling Steven Goertzen 40 0 2 3
PowerPlay Defense
Defense Defense Time % Phy DF OF
1 Logan Stephenson Erik Karlsson 60 0 2 3
2 Patrick Wey Shane Sims 40 0 2 3
Penalty Kill 4 Players Forward
Center Wing Time % Phy DF OF
1 Vernon Fiddler Stanislav Chistov 60 0 3 2
2 Sergei Kostitsyn Cody Hodgson 40 0 3 2
Penalty Kill 4 Players Defense
Defense Defense Time % Phy DF OF
1 Logan Stephenson Erik Karlsson 60 0 3 2
2 Patrick Wey Shane Sims 40 0 3 2
Penalty Kill - 3 Players Forward
Forward Time % Phy DF OF
1 Vernon Fiddler 60 0 3 2
2 Stanislav Chistov 40 0 3 2
Penalty Kill - 3 Players Defense
Defense Defense Time % Phy DF OF
1 Logan Stephenson Erik Karlsson 60 0 3 2
2 Patrick Wey Shane Sims 40 0 3 2
4 vs 4 Forward
Center Wing Time % Phy DF OF
1 Vernon Fiddler Stanislav Chistov 60 1 2 2
2 Sergei Kostitsyn Cody Hodgson 40 1 2 2
4 vs 4 Defense
Defense Defense Time % Phy DF OF
1 Logan Stephenson Erik Karlsson 60 1 2 2
2 Patrick Wey Shane Sims 40 1 2 2
Last Minutes Offensive
Center Left Wing Right Wing Defense Defense
Vernon Fiddler Sergei Kostitsyn Steven Goertzen Logan Stephenson Erik Karlsson
Last Minutes Defensive
Center Left Wing Right Wing Defense Defense
Vernon Fiddler Sergei Kostitsyn Steven Goertzen Logan Stephenson Erik Karlsson
Goaltenders
Starting : Jonas Gustavsson
Backup : Alexander Salak
Extra Forwards
Normal : Jack Skille, Mark Olver, Matt Frattin - PP : Jack Skille, Mark Olver - PK : Matt Frattin
Extra Defensemen
Normal : Patrick Wey, Martin Marincin, Logan Stephenson - PP : Patrick Wey - PK : Martin Marincin, Logan Stephenson
Penalty Shots
Vernon Fiddler, Steven Goertzen, Sergei Kostitsyn, Cody Hodgson, Stanislav Chistov
% Time on Ice - Mustangs
Lines # - Real PCT - Wanted PCT - Time Play
Normal Forward
1 - 24% - 40% - 9:46
2 - 27% - 30% - 11:00
3 - 27% - 20% - 10:58
4 - 22% - 10% - 9:00
Normal Defense
1 - 40% - 40% - 16:23
2 - 35% - 30% - 14:05
3 - 25% - 20% - 10:06
4 - 0% - 10% - 0:10
PP Forward
1 - 49% - 60% - 4:22
2 - 51% - 40% - 4:28
PP Defense
1 - 66% - 60% - 5:50
2 - 34% - 40% - 3:00
PK Forward
1 - 74% - 60% - 6:33
2 - 26% - 40% - 2:16
PK Defense
1 - 70% - 60% - 6:11
2 - 30% - 40% - 2:38
PK3 Forward
1 - 0% - 60%
2 - 0% - 40%
PK3 Defense
1 - 0% - 60%
2 - 0% - 40%
44 Forward
1 - 88% - 60% - 1:25
2 - 12% - 40% - 0:12
44 Defense
1 - 51% - 60% - 0:49
2 - 49% - 40% - 0:48
Last Minute Offensive - 0:00
Last Minute Defensive - 0:00
Total
Forward - 60:00
Defense - 60:00
|
% Time on Ice - Senators
Lines # - Real PCT - Wanted PCT - Time Play
Normal Forward
1 - 30% - 40% - 12:21
2 - 30% - 30% - 12:15
3 - 22% - 20% - 8:51
4 - 18% - 10% - 7:17
Normal Defense
1 - 42% - 40% - 17:16
2 - 33% - 30% - 13:26
3 - 23% - 20% - 9:23
4 - 2% - 10% - 0:39
PP Forward
1 - 61% - 60% - 5:24
2 - 39% - 40% - 3:25
PP Defense
1 - 62% - 60% - 5:30
2 - 38% - 40% - 3:19
PK Forward
1 - 70% - 60% - 6:10
2 - 30% - 40% - 2:40
PK Defense
1 - 66% - 60% - 5:48
2 - 34% - 40% - 3:02
PK3 Forward
1 - 0% - 60%
2 - 0% - 40%
PK3 Defense
1 - 0% - 60%
2 - 0% - 40%
44 Forward
1 - 73% - 60% - 1:11
2 - 27% - 40% - 0:26
44 Defense
1 - 65% - 60% - 1:03
2 - 35% - 40% - 0:34
Last Minute Offensive - 0:00
Last Minute Defensive - 0:00
Total
Forward - 60:00
Defense - 60:00
|
Play by Play
1st period
0:01 of 1st period - Stanislav Chistov wins face-off versus Brayden Schenn in neutral zone.
0:10 of 1st period - Wrist shot by Vernon Fiddler.
0:10 of 1st period - Shot Blocked by Brayden Schenn.
1:10 of 1st period - Snap shot by Dylan Hunter.
1:10 of 1st period - Shot Misses the Net.
2:13 of 1st period - Snap shot by Erik Karlsson.
2:13 of 1st period - Shot Misses the Net.
2:15 of 1st period - Wrist shot by Cody Hodgson.
2:15 of 1st period - Stopped by Maxime Ouellet with a rebound.
2:17 of 1st period - Slapshot by Shane Sims.
2:17 of 1st period - Stopped by Maxime Ouellet with a rebound.
2:51 of 1st period - Wrist shot by Denis Shvidki.
2:51 of 1st period - Shot Hit the Post.
2:53 of 1st period - Minor Penalty to Logan Stephenson for Holding.
2:54 of 1st period - Vernon Fiddler wins face-off versus Brayden Schenn in Senators zone.
3:07 of 1st period - Snap shot by Reilly Smith.
3:07 of 1st period - Shot Misses the Net.
3:09 of 1st period - Snap shot by Evander Kane.
3:09 of 1st period - Stopped by Jonas Gustavsson with a rebound.
3:25 of 1st period - Sergei Kostitsyn is hit by Tom Gilbert.
4:37 of 1st period - Icing by Tom Gilbert.
4:38 of 1st period - Matt Frattin wins face-off versus Brayden Schenn in Mustangs zone.
4:53 of 1st period - Penalty to Logan Stephenson is over, Logan Stephenson is back on ice.
5:31 of 1st period - Slapshot by Riley Armstrong.
5:31 of 1st period - Shot Blocked by Logan Stephenson.
5:41 of 1st period - Marcus Foligno is hit by Mark Olver and loses puck.
5:53 of 1st period - Minor Penalty to Dylan Hunter for High sticking.
5:54 of 1st period - Vernon Fiddler wins face-off versus Brayden Schenn in Senators zone.
7:53 of 1st period - Penalty to Dylan Hunter is over, Dylan Hunter is back on ice.
10:07 of 1st period - Shane Sims is hit by Derek Joslin and loses puck.
10:22 of 1st period - Wrist shot by Brett Sterling.
10:22 of 1st period - Shot Misses the Net.
10:24 of 1st period - Wrist shot by Jack Skille.
10:24 of 1st period - Shot Misses the Net.
10:26 of 1st period - Snap shot by Brett Sterling.
10:26 of 1st period - Goal by Brett Sterling - Mustangs : 0 - Senators : 1.
10:27 of 1st period - Brayden Schenn wins face-off versus Vernon Fiddler in neutral zone.
10:42 of 1st period - Off-side.
10:43 of 1st period - Cody Hodgson wins face-off versus Ryan O'Reilly in neutral zone.
10:46 of 1st period - Backhand shot by Steven Goertzen.
10:46 of 1st period - Shot Blocked by Eric Gryba.
10:54 of 1st period - Slapshot by Jaden Schwartz.
10:54 of 1st period - Stopped by Maxime Ouellet with a rebound.
11:14 of 1st period - Backhand shot by Vernon Fiddler.
11:14 of 1st period - Goal by Vernon Fiddler - Mustangs : 0 - Senators : 2.
11:15 of 1st period - Reilly Smith wins face-off versus Vernon Fiddler in neutral zone.
11:18 of 1st period - Stanislav Chistov is hit by Eric Gryba and loses puck.
11:59 of 1st period - Icing by Martin Marincin.
12:00 of 1st period - Cody Hodgson wins face-off versus Brayden Schenn in Senators zone.
12:35 of 1st period - Snap shot by Steven Goertzen.
12:35 of 1st period - Stopped by Maxime Ouellet with a rebound.
12:41 of 1st period - Wrist shot by Steven Goertzen.
12:41 of 1st period - Shot Misses the Net.
12:43 of 1st period - Snap shot by Cody Hodgson.
12:43 of 1st period - Shot Blocked by Tom Gilbert.
12:45 of 1st period - Snap shot by Jaden Schwartz.
12:45 of 1st period - Shot Misses the Net.
12:47 of 1st period - Snap shot by Steven Goertzen.
12:47 of 1st period - Shot Misses the Net.
12:49 of 1st period - Slapshot by Logan Stephenson.
12:49 of 1st period - Stopped by Maxime Ouellet without a rebound.
12:50 of 1st period - Ryan O'Reilly wins face-off versus Stanislav Chistov in Mustangs zone.
12:52 of 1st period - Major / Game Misconduct Penalty to Ben Eager for Attempt to injure.
12:52 of 1st period - Ben Eager is ejected from game.
12:53 of 1st period - Vernon Fiddler wins face-off versus Brayden Schenn in Mustangs zone.
12:55 of 1st period - Snap shot by Sergei Kostitsyn.
12:55 of 1st period - Goal by Sergei Kostitsyn - Mustangs : 0 - Senators : 3.
12:56 of 1st period - Vernon Fiddler wins face-off versus Evander Kane in neutral zone.
13:11 of 1st period - Wrist shot by Stanislav Chistov.
13:11 of 1st period - Stopped by Maxime Ouellet with a rebound.
16:08 of 1st period - Derek Joslin is hit by Logan Stephenson and loses puck.
17:52 of 1st period - Penalty to Ben Eager is over, Denis Shvidki is send on ice.
18:40 of 1st period - Marcus Foligno is hit by Logan Stephenson and loses puck.
19:38 of 1st period - Icing by Jerome Samson.
19:39 of 1st period - Vernon Fiddler wins face-off versus Rick Schofield in Mustangs zone.
19:44 of 1st period - Snap shot by Stanislav Chistov.
19:44 of 1st period - Stopped by Maxime Ouellet without a rebound.
19:45 of 1st period - Vernon Fiddler wins face-off versus Ryan O'Reilly in Mustangs zone.
19:46 of 1st period - Wrist shot by Sergei Kostitsyn.
19:46 of 1st period - Shot Blocked by Eric Godard.
19:48 of 1st period - Slapshot by Patrick Wey.
19:48 of 1st period - Stopped by Maxime Ouellet with a rebound.
19:50 of 1st period - Wrist shot by Vernon Fiddler.
19:50 of 1st period - Shot Misses the Net.
19:52 of 1st period - Slapshot by Patrick Wey.
19:52 of 1st period - Shot Misses the Net.
19:54 of 1st period - Snap shot by Stanislav Chistov.
19:54 of 1st period - Stopped by Maxime Ouellet without a rebound.
19:55 of 1st period - Vernon Fiddler wins face-off versus Ryan O'Reilly in Mustangs zone.
Goals for this period are 0 for Mustangs vs 3 for Senators.
Shots for this period are 1 for Mustangs vs 12 for Senators.
2nd period
0:01 of 2nd period - Stanislav Chistov wins face-off versus Brayden Schenn in neutral zone.
0:26 of 2nd period - Jack Skille is hit by Evander Kane and loses puck.
0:41 of 2nd period - Snap shot by Erik Karlsson.
0:41 of 2nd period - Deflect By Cody Hodgson.
0:41 of 2nd period - Stopped by Maxime Ouellet with a rebound.
0:47 of 2nd period - Erik Karlsson is hit by Derek Joslin and loses puck.
0:53 of 2nd period - Icing by Erik Karlsson.
0:54 of 2nd period - Ryan O'Reilly wins face-off versus Cody Hodgson in Senators zone.
1:38 of 2nd period - Minor Penalty to Mark Pysyk for Hooking.
1:39 of 2nd period - Vernon Fiddler wins face-off versus Brayden Schenn in Mustangs zone.
1:46 of 2nd period - Snap shot by Stanislav Chistov.
1:46 of 2nd period - Goal by Stanislav Chistov - Mustangs : 0 - Senators : 4.
1:46 of 2nd period - Chet Pickard enters game.
1:47 of 2nd period - Vernon Fiddler wins face-off versus Brayden Schenn in neutral zone.
2:02 of 2nd period - Wrist shot by Evander Kane.
2:02 of 2nd period - Deflect By Brayden Schenn.
2:02 of 2nd period - Stopped by Jonas Gustavsson with a rebound.
2:21 of 2nd period - Wrist shot by Denis Shvidki.
2:21 of 2nd period - Shot Misses the Net.
2:23 of 2nd period - Snap shot by Tom Gilbert.
2:23 of 2nd period - Shot Blocked by Shane Sims.
2:25 of 2nd period - Slapshot by Denis Shvidki.
2:25 of 2nd period - Shot Misses the Net.
2:35 of 2nd period - Eric Godard is hit by Brett Sterling.
4:56 of 2nd period - Backhand shot by Brett Sterling.
4:56 of 2nd period - Deflect By Jack Skille.
4:56 of 2nd period - Stopped by Chet Pickard with a rebound.
4:58 of 2nd period - Slapshot by Jack Skille.
4:58 of 2nd period - Stopped by Chet Pickard without a rebound.
4:59 of 2nd period - Brayden Schenn wins face-off versus Cody Hodgson in Mustangs zone.
5:06 of 2nd period - Slapshot by Evander Kane.
5:06 of 2nd period - Stopped by Jonas Gustavsson with a rebound.
5:12 of 2nd period - Brayden Schenn is hit by Logan Stephenson and loses puck.
5:29 of 2nd period - Snap shot by Jack Skille.
5:29 of 2nd period - Shot Misses the Net.
5:37 of 2nd period - Wrist shot by Evander Kane.
5:37 of 2nd period - Stopped by Jonas Gustavsson with a rebound.
5:39 of 2nd period - Slapshot by Cameron Gaunce.
5:39 of 2nd period - Deflect By Patrick Wey.
5:39 of 2nd period - Stopped by Jonas Gustavsson with a rebound.
5:41 of 2nd period - Slapshot by Derek Joslin.
5:41 of 2nd period - Shot Misses the Net.
5:43 of 2nd period - Wrist shot by Reilly Smith.
5:43 of 2nd period - Goal by Reilly Smith - Mustangs : 1 - Senators : 4.
5:44 of 2nd period - Stanislav Chistov wins face-off versus Ryan O'Reilly in neutral zone.
6:30 of 2nd period - Snap shot by Denis Shvidki.
6:30 of 2nd period - Shot Misses the Net.
6:32 of 2nd period - Wrist shot by Denis Shvidki.
6:32 of 2nd period - Stopped by Jonas Gustavsson with a rebound.
6:48 of 2nd period - Slapshot by Logan Stephenson.
6:48 of 2nd period - Shot Misses the Net.
7:02 of 2nd period - Wrist shot by Matt Frattin.
7:02 of 2nd period - Stopped by Chet Pickard with a rebound.
7:25 of 2nd period - Icing by Vernon Fiddler.
7:26 of 2nd period - Rick Schofield wins face-off versus Stanislav Chistov in Senators zone.
7:47 of 2nd period - Wrist shot by Stanislav Chistov.
7:47 of 2nd period - Shot Misses the Net.
7:49 of 2nd period - Snap shot by Vernon Fiddler.
7:49 of 2nd period - Stopped by Chet Pickard without a rebound.
7:50 of 2nd period - Ryan O'Reilly wins face-off versus Cody Hodgson in Mustangs zone.
7:57 of 2nd period - Steven Goertzen is hit by Ryan O'Reilly and loses puck.
8:12 of 2nd period - Evander Kane is hit by Erik Karlsson.
8:22 of 2nd period - Backhand shot by Evander Kane.
8:22 of 2nd period - Stopped by Jonas Gustavsson with a rebound.
8:24 of 2nd period - Slapshot by Eric Gryba.
8:24 of 2nd period - Shot Blocked by Erik Karlsson.
8:26 of 2nd period - Wrist shot by Marcus Foligno.
8:26 of 2nd period - Stopped by Jonas Gustavsson with a rebound.
8:28 of 2nd period - Slapshot by Riley Armstrong.
8:28 of 2nd period - Shot Blocked by Sergei Kostitsyn.
8:30 of 2nd period - Snap shot by Riley Armstrong.
8:30 of 2nd period - Deflect By Denis Shvidki.
8:30 of 2nd period - Stopped by Jonas Gustavsson with a rebound.
8:32 of 2nd period - Wrist shot by Riley Armstrong.
8:32 of 2nd period - Deflect By Denis Shvidki.
8:32 of 2nd period - Shot Misses the Net.
8:32 of 2nd period - Puck is out of play.
8:33 of 2nd period - Denis Shvidki wins face-off versus Nick Bjugstad in Senators zone.
8:34 of 2nd period - Snap shot by Riley Armstrong.
8:34 of 2nd period - Stopped by Jonas Gustavsson with a rebound.
8:58 of 2nd period - Eric Gryba is hit by Steven Goertzen and loses puck.
9:28 of 2nd period - Minor Penalty to Erik Karlsson for Hooking.
9:29 of 2nd period - Vernon Fiddler wins face-off versus Brayden Schenn in Senators zone.
9:29 of 2nd period - Vernon Fiddler is hit by Derek Joslin.
9:58 of 2nd period - Vernon Fiddler is hit by Nate Guenin and loses puck.
11:28 of 2nd period - Penalty to Erik Karlsson is over, Erik Karlsson is back on ice.
11:34 of 2nd period - Nicolas Deslauriers is hit by Marcus Foligno and loses puck.
12:46 of 2nd period - Derek Joslin is hit by Brett Sterling and loses puck.
13:45 of 2nd period - Wrist shot by Jack Skille.
13:45 of 2nd period - Shot Hit the Post.
13:47 of 2nd period - Wrist shot by Nick Bjugstad.
13:47 of 2nd period - Shot Misses the Net.
13:57 of 2nd period - Mark Pysyk is hit by Stanislav Chistov and loses puck.
14:06 of 2nd period - Wrist shot by Evander Kane.
14:06 of 2nd period - Stopped by Jonas Gustavsson with a rebound.
14:08 of 2nd period - Wrist shot by Rick Schofield.
14:08 of 2nd period - Shot Blocked by Erik Karlsson.
14:10 of 2nd period - Snap shot by Derek Joslin.
14:10 of 2nd period - Stopped by Jonas Gustavsson without a rebound.
14:11 of 2nd period - Cody Hodgson wins face-off versus Ryan O'Reilly in Senators zone.
14:20 of 2nd period - Snap shot by Jaden Schwartz.
14:20 of 2nd period - Shot Misses the Net.
14:22 of 2nd period - Wrist shot by Steven Goertzen.
14:22 of 2nd period - Shot Blocked by Tom Gilbert.
14:24 of 2nd period - Snap shot by Nicolas Deslauriers.
14:24 of 2nd period - Stopped by Chet Pickard with a rebound.
14:26 of 2nd period - Wrist shot by Cody Hodgson.
14:26 of 2nd period - Deflect By Brayden Schenn.
14:26 of 2nd period - Shot Misses the Net.
14:26 of 2nd period - Puck is out of play.
14:27 of 2nd period - Vernon Fiddler wins face-off versus Riley Armstrong in Mustangs zone.
14:33 of 2nd period - Minor Penalty to Cameron Gaunce for Roughing.
14:34 of 2nd period - Brayden Schenn wins face-off versus Vernon Fiddler in Mustangs zone.
14:48 of 2nd period - Wrist shot by Sergei Kostitsyn.
14:48 of 2nd period - Stopped by Chet Pickard without a rebound.
14:49 of 2nd period - Brayden Schenn wins face-off versus Stanislav Chistov in Mustangs zone.
15:24 of 2nd period - Wrist shot by Cody Hodgson.
15:24 of 2nd period - Goal by Cody Hodgson - Mustangs : 1 - Senators : 5.
15:25 of 2nd period - Brayden Schenn wins face-off versus Vernon Fiddler in neutral zone.
15:36 of 2nd period - Slapshot by Erik Karlsson.
15:36 of 2nd period - Shot Blocked by Tom Gilbert.
16:55 of 2nd period - Shane Sims is hit by Eric Godard and loses puck.
17:14 of 2nd period - Tom Gilbert is hit by Steven Goertzen and loses puck.
17:24 of 2nd period - Icing by Shane Sims.
17:25 of 2nd period - Rick Schofield wins face-off versus Matt Frattin in Senators zone.
17:30 of 2nd period - Slapshot by Rick Schofield.
17:30 of 2nd period - Stopped by Jonas Gustavsson with a rebound.
17:58 of 2nd period - Wrist shot by Jaden Schwartz.
17:58 of 2nd period - Stopped by Chet Pickard with a rebound.
18:16 of 2nd period - Ryan O'Reilly is hit by Vernon Fiddler and loses puck.
18:21 of 2nd period - Slapshot by Sergei Kostitsyn.
18:21 of 2nd period - Stopped by Chet Pickard with a rebound.
18:31 of 2nd period - Ryan O'Reilly is hit by Patrick Wey and loses puck.
18:38 of 2nd period - Brett Sterling is hit by Cameron Gaunce.
19:20 of 2nd period - Slapshot by Evander Kane.
19:20 of 2nd period - Deflect By Sergei Kostitsyn.
19:20 of 2nd period - Stopped by Jonas Gustavsson without a rebound.
19:21 of 2nd period - Riley Armstrong wins face-off versus Vernon Fiddler in Senators zone.
19:26 of 2nd period - Snap shot by Riley Armstrong.
19:26 of 2nd period - Shot Misses the Net.
19:28 of 2nd period - Backhand shot by Nate Guenin.
19:28 of 2nd period - Shot Hit the Post.
19:30 of 2nd period - Snap shot by Riley Armstrong.
19:30 of 2nd period - Deflect By Denis Shvidki.
19:30 of 2nd period - Shot Misses the Net.
19:30 of 2nd period - Puck is out of play.
19:31 of 2nd period - Vernon Fiddler wins face-off versus Riley Armstrong in Senators zone.
19:33 of 2nd period - Minor Penalty to Sergei Kostitsyn for Slashing.
19:34 of 2nd period - Vernon Fiddler wins face-off versus Brayden Schenn in Senators zone.
Goals for this period are 1 for Mustangs vs 2 for Senators.
Shots for this period are 14 for Mustangs vs 11 for Senators.
3rd period
0:01 of 3rd period - Vernon Fiddler wins face-off versus Brayden Schenn in neutral zone.
0:26 of 3rd period - Erik Karlsson is hit by Eric Godard and loses puck.
1:33 of 3rd period - Penalty to Sergei Kostitsyn is over, Sergei Kostitsyn is back on ice.
1:50 of 3rd period - Logan Stephenson is hit by Marcus Foligno and loses puck.
2:07 of 3rd period - Logan Stephenson is hit by Rick Schofield and loses puck.
2:38 of 3rd period - Snap shot by Jaden Schwartz.
2:38 of 3rd period - Stopped by Chet Pickard without a rebound.
2:38 of 3rd period - Minor Penalty to Chet Pickard for Delaying the game.
2:39 of 3rd period - Vernon Fiddler wins face-off versus Brayden Schenn in Mustangs zone.
2:44 of 3rd period - Wrist shot by Stanislav Chistov.
2:44 of 3rd period - Shot Misses the Net.
2:46 of 3rd period - Wrist shot by Stanislav Chistov.
2:46 of 3rd period - Shot Misses the Net.
2:54 of 3rd period - Snap shot by Vernon Fiddler.
2:54 of 3rd period - Stopped by Chet Pickard without a rebound.
2:55 of 3rd period - Stanislav Chistov wins face-off versus Brayden Schenn in Mustangs zone.
3:08 of 3rd period - Wrist shot by Vernon Fiddler.
3:08 of 3rd period - Goal by Vernon Fiddler - Mustangs : 1 - Senators : 6.
3:09 of 3rd period - Sergei Kostitsyn wins face-off versus Brayden Schenn in neutral zone.
3:34 of 3rd period - Shane Sims is hit by Denis Shvidki and loses puck.
3:43 of 3rd period - Snap shot by Riley Armstrong.
3:43 of 3rd period - Goal by Riley Armstrong - Mustangs : 2 - Senators : 6.
3:44 of 3rd period - Brayden Schenn wins face-off versus Cody Hodgson in neutral zone.
3:49 of 3rd period - Slapshot by Evander Kane.
3:49 of 3rd period - Shot Blocked by Erik Karlsson.
4:43 of 3rd period - Snap shot by Ryan O'Reilly.
4:43 of 3rd period - Shot Misses the Net.
5:38 of 3rd period - Snap shot by Jack Skille.
5:38 of 3rd period - Stopped by Chet Pickard with a rebound.
5:40 of 3rd period - Wrist shot by Nick Bjugstad.
5:40 of 3rd period - Shot Blocked by Derek Joslin.
5:42 of 3rd period - Wrist shot by Brett Sterling.
5:42 of 3rd period - Stopped by Chet Pickard without a rebound.
5:43 of 3rd period - Vernon Fiddler wins face-off versus Ryan O'Reilly in Mustangs zone.
6:29 of 3rd period - Minor Penalty to Jack Skille for Roughing.
6:30 of 3rd period - Stanislav Chistov wins face-off versus Evander Kane in Senators zone.
6:39 of 3rd period - Erik Karlsson is hit by Eric Gryba and loses puck.
6:56 of 3rd period - Logan Stephenson is hit by Tom Gilbert and loses puck.
7:01 of 3rd period - Wrist shot by Evander Kane.
7:01 of 3rd period - Goal by Evander Kane - Mustangs : 3 - Senators : 6.
7:02 of 3rd period - Brayden Schenn wins face-off versus Vernon Fiddler in neutral zone.
7:11 of 3rd period - Wrist shot by Brayden Schenn.
7:11 of 3rd period - Shot Misses the Net.
7:29 of 3rd period - Tom Gilbert is hit by Logan Stephenson and loses puck.
7:54 of 3rd period - Wrist shot by Jack Skille.
7:54 of 3rd period - Deflect By Brett Sterling.
7:54 of 3rd period - Stopped by Chet Pickard with a rebound.
8:08 of 3rd period - Derek Joslin is hit by Shane Sims and loses puck.
9:06 of 3rd period - Evander Kane is hit by Logan Stephenson and loses puck.
9:31 of 3rd period - Wrist shot by Mark Olver.
9:31 of 3rd period - Shot Misses the Net.
10:03 of 3rd period - Minor Penalty to Denis Shvidki for Roughing.
10:04 of 3rd period - Brayden Schenn wins face-off versus Vernon Fiddler in Mustangs zone.
10:20 of 3rd period - Wrist shot by Stanislav Chistov.
10:20 of 3rd period - Shot Blocked by Tom Gilbert.
10:40 of 3rd period - Ryan O'Reilly is hit by Cody Hodgson and loses puck.
11:35 of 3rd period - Logan Stephenson is hit by Marcus Foligno and loses puck.
11:46 of 3rd period - Wrist shot by Daniel Winnik.
11:46 of 3rd period - Deflect By Vernon Fiddler.
11:46 of 3rd period - Shot Misses the Net.
11:46 of 3rd period - Puck is out of play.
11:47 of 3rd period - Brayden Schenn wins face-off versus Cody Hodgson in Senators zone.
12:03 of 3rd period - Penalty to Denis Shvidki is over, Denis Shvidki is back on ice.
12:16 of 3rd period - Off-side.
12:17 of 3rd period - Brayden Schenn wins face-off versus Nick Bjugstad in neutral zone.
12:38 of 3rd period - Minor Penalty to Reilly Smith for High sticking.
12:39 of 3rd period - Vernon Fiddler wins face-off versus Brayden Schenn in Mustangs zone.
12:40 of 3rd period - Snap shot by Sergei Kostitsyn.
12:40 of 3rd period - Shot Misses the Net.
12:42 of 3rd period - Wrist shot by Stanislav Chistov.
12:42 of 3rd period - Shot Blocked by Eric Gryba.
12:44 of 3rd period - Wrist shot by Logan Stephenson.
12:44 of 3rd period - Shot Misses the Net.
12:46 of 3rd period - Slapshot by Stanislav Chistov.
12:46 of 3rd period - Stopped by Chet Pickard with a rebound.
12:48 of 3rd period - Snap shot by Stanislav Chistov.
12:48 of 3rd period - Deflect By Vernon Fiddler.
12:48 of 3rd period - Shot Misses the Net.
12:48 of 3rd period - Puck is out of play.
12:49 of 3rd period - Brayden Schenn wins face-off versus Vernon Fiddler in Mustangs zone.
13:00 of 3rd period - Wrist shot by Evander Kane.
13:00 of 3rd period - Stopped by Jonas Gustavsson without a rebound.
13:00 of 3rd period - Minor Penalty to Jonas Gustavsson for Slashing.
13:01 of 3rd period - Brayden Schenn wins face-off versus Vernon Fiddler in Senators zone.
13:57 of 3rd period - Icing by Derek Joslin.
13:58 of 3rd period - Ryan O'Reilly wins face-off versus Vernon Fiddler in Mustangs zone.
14:38 of 3rd period - Penalty to Reilly Smith is over, Reilly Smith is back on ice.
14:40 of 3rd period - Snap shot by Daniel Winnik.
14:40 of 3rd period - Shot Hit the Post.
14:42 of 3rd period - Wrist shot by Nate Guenin.
14:42 of 3rd period - Shot Blocked by Martin Marincin.
14:44 of 3rd period - Wrist shot by Reilly Smith.
14:44 of 3rd period - Mustangs goal is going for a video replay.
14:44 of 3rd period - The goal is refused. The puck has been kicked using a distinct kicking motion..
14:45 of 3rd period - Ryan O'Reilly wins face-off versus Jack Skille in Senators zone.
14:58 of 3rd period - Erik Karlsson is hit by Ryan O'Reilly and loses puck.
15:00 of 3rd period - Penalty to Logan Stephenson is over, Logan Stephenson is back on ice.
15:18 of 3rd period - Wrist shot by Denis Shvidki.
15:18 of 3rd period - Stopped by Jonas Gustavsson with a rebound.
15:30 of 3rd period - Cameron Gaunce is hit by Dylan Hunter and loses puck.
15:35 of 3rd period - Snap shot by Dylan Hunter.
15:35 of 3rd period - Shot Misses the Net.
15:37 of 3rd period - Slapshot by Erik Karlsson.
15:37 of 3rd period - Shot Misses the Net.
15:39 of 3rd period - Wrist shot by Dylan Hunter.
15:39 of 3rd period - Stopped by Chet Pickard with a rebound.
15:49 of 3rd period - Nicolas Deslauriers is hit by Derek Joslin and loses puck.
17:03 of 3rd period - Wrist shot by Denis Shvidki.
17:03 of 3rd period - Stopped by Jonas Gustavsson without a rebound.
17:04 of 3rd period - Cody Hodgson wins face-off versus Riley Armstrong in Senators zone.
17:04 of 3rd period - Cody Hodgson is hit by Denis Shvidki.
17:14 of 3rd period - Snap shot by Cody Hodgson.
17:14 of 3rd period - Deflect By Steven Goertzen.
17:14 of 3rd period - Goal by Steven Goertzen - Mustangs : 3 - Senators : 7.
17:15 of 3rd period - Brayden Schenn wins face-off versus Vernon Fiddler in neutral zone.
17:59 of 3rd period - Eric Gryba is hit by Nick Bjugstad and loses puck.
18:55 of 3rd period - Snap shot by Denis Shvidki.
18:55 of 3rd period - Stopped by Jonas Gustavsson with a rebound.
19:17 of 3rd period - Snap shot by Brett Sterling.
19:17 of 3rd period - Stopped by Chet Pickard without a rebound.
19:18 of 3rd period - Rick Schofield wins face-off versus Nick Bjugstad in Mustangs zone.
Goals for this period are 2 for Mustangs vs 2 for Senators.
Shots for this period are 7 for Mustangs vs 10 for Senators.
Back to the Top